 Dungeon Crawl Stone Soup version 0.29.1-1-gd02db6906a (webtiles) character file.

Game seed: 2666578977500607362

797 Icepheonix32 the Chopper (level 7, -3/64 HPs)
             Began as a Hill Orc Fighter on Sept 22, 2022.
             Slain by an ogre
             ... wielding a +0 giant spiked club
              (6 damage)
             ... on level 5 of the Dungeon.
             The game lasted 00:06:00 (4789 turns).

Icepheonix32 the Chopper (Hill Orc Fighter)         Turns: 4789, Time: 00:06:01

Health: -3/64      AC: 16    Str: 21    XL:     7   Next: 89%
Magic:  7/7        EV: 10    Int:  8    God:
Gold:   241        SH:  0    Dex: 10    Spells: 6/6 levels left

rFire   . . .      SeeInvis .   y - +4 dire flail (protect)
rCold   . . .      Faith    .   (shield currently unavailable)
rNeg    . . .      Spirit   .   b - +0 scale mail
rPois   +          Reflect  .   (no helmet)
rElec   .          Harm     .   (no cloak)
rCorr   .          Rampage  +   (no gloves)
Will    .....                   l - +1 pair of boots {rampage}
Stlth   ..........              j - amulet of magic regeneration
HPRegen 0.20/turn               v - ring of poison resistance
MPRegen 0.50/turn               (no ring)

@: under a protective aura
A: no striking features
a: no special abilities


You were on level 5 of the Dungeon.
You visited 1 branch of the dungeon, and saw 5 of its levels.

You collected 241 gold pieces.

Inventory:

Hand Weapons
 a - a +0 war axe
 h - a +0 dagger
 y - a +4 dire flail of protection (weapon)
Missiles
 f - 6 poisoned darts
 r - 4 boomerangs (quivered)
 u - 4 atropa-tipped darts
Armour
 b - a +0 scale mail (worn)
 c - a +0 buckler
 l - a +1 pair of boots of rampaging (worn)
 z - a +0 chain mail
Jewellery
 g - an amulet of faith
 j - an amulet of magic regeneration (around neck)
 v - a ring of poison resistance (left hand)
Wands
 d - a wand of flame (8)
Scrolls
 n - a scroll of teleportation {unknown}
 p - 4 scrolls of identify
 q - 2 scrolls of poison {unknown}
 s - a scroll of immolation {unknown}
 A - a scroll of blinking {unknown}
Potions
 e - 2 potions of invisibility
 i - 2 potions of brilliance
 k - 2 potions of heal wounds
 m - a potion of curing
 o - 2 potions of ambrosia {unknown}
 t - a potion of degeneration {unknown}
 w - a potion of lignification {unknown}
 x - 2 potions of mutation {unknown}
 B - a potion of attraction {unknown}


   Skills:
 * Level 6.4 Fighting
 + Level 7.2(7.3) Axes
 + Level 1.0(3.8) Maces & Flails
 + Level 1.7 Throwing
 + Level 4.9 Armour
 + Level 1.2 Dodging
 + Level 4.0 Shields


You had 6 spell levels left.
You didn't know any spells.
Your spell library contained the following spells:

 Spells                   Type           Power      Damage    Failure   Level
 Dazzling Flash           Conj/Hex       0%         N/A       98%         3
 Iskenderun's Mystic Bla  Conj/Tloc      0%         2d3       100%        4
 Starburst                Conj/Fire      0%         6d3       100%        6


Dungeon Overview and Level Annotations

Branches:
Dungeon (5/15)
 Temple: D:4-7

Altars:
Dithmenos
Fedhas


Message History

The gnoll hits you but does no damage.
You puncture the gnoll!
The gnoll is severely wounded.
The orc hits you but does no damage. The gnoll hits you but does no damage.
You hit the gnoll.
You kill the gnoll!
The orc hits you but does no damage.
You puncture the orc!
You kill the orc!
The orc barely misses you.
Your base Maces & Flails skill increases to level 1!
The orc barely misses you.
Items here: )) ††.
You hit the orc.
The orc is heavily wounded.
The orc barely misses you.
You closely miss the orc.
The orc is heavily wounded.
The orc barely misses you. x2
You hit the orc.
The orc is almost dead.
The orc hits you with a +0 hand axe.
You puncture the orc!
You kill the orc!
Things that are here:
a +0 hand axe; 3 stones
Items here: )) ††.
An ogre comes into view. It is wielding a +0 giant spiked club.
Things that are here:
a +0 hand axe; 3 stones The ogre shouts!
You rampage towards the ogre!
You thump the ogre!
Your weapon exudes an aura of protection.
The ogre is heavily wounded.
The ogre hits you with a +0 giant spiked club!!
* * * LOW HITPOINT WARNING * * *
You hit the ogre.
The ogre is severely wounded.
The ogre hits you with a +0 giant spiked club.
You die...

## ...
..... #..
.. ....
#.. .. ...
#..##. >.#
#. .....
.. ...
.?.#.#
....
#.O.#.....
#.@......#
##.##....#
#))# ..#
#)## #
##.# #..#
##.##
##..#
###.##.<##


You could see an ogre.

Vanquished Creatures
  Sigmund (D:2)
  Edmund (D:4)
  A phantom (D:5)
  A scorpion (D:4)
  Jessica (D:2)
  Terence (D:2)
  2 orc wizards
  An iguana (D:4)
  10 gnolls
  7 adders
  An ufetubus (D:5)
  2 dart slugs
  6 orcs
  7 ball pythons
  5 endoplasms
  3 giant cockroaches
  3 goblins
  4 hobgoblins
  6 jackals
  3 quokkas
  9 bats
  2 frilled lizards
  9 kobolds
  9 rats
95 creatures vanquished.

Notes
Turn   | Place    | Note
-------+----------+-------------------------------------------
     0 | D:1      | Icepheonix32 the Hill Orc Fighter began the quest for the
                  | Orb.
     0 | D:1      | Reached XP level 1. HP: 19/19 MP: 1/1
   133 | D:1      | Reached XP level 2. HP: 16/27 MP: 2/2
   336 | D:1      | Found a faded altar of an unknown god.
   340 | D:1      | Reached skill level 3 in Axes
   522 | D:1      | Reached XP level 3. HP: 34/34 MP: 3/3
  1058 | D:2      | Noticed Jessica
  1065 | D:2      | Killed Jessica
  1066 | D:2      | Reached XP level 4. HP: 27/41 MP: 4/4
  1173 | D:2      | Noticed Sigmund
  1184 | D:2      | Reached skill level 4 in Axes
  1188 | D:2      | Killed Sigmund
  1189 | D:2      | Reached skill level 5 in Fighting
  1189 | D:2      | Reached skill level 5 in Axes
  1189 | D:2      | Reached XP level 5. HP: 15/48 MP: 5/5
  1189 | D:2      | Reached XP level 6. HP: 18/56 MP: 6/6
  1657 | D:2      | Noticed Terence
  1668 | D:2      | Killed Terence
  1669 | D:2      | Reached skill level 1 in Dodging
  2150 | D:2      | Identified a scroll of acquirement
  2895 | D:3      | Reached skill level 6 in Axes
  3390 | D:3      | Found a shadowy altar of Dithmenos.
  3770 | D:4      | Reached XP level 7. HP: 53/62 MP: 7/7
  4192 | D:4      | Found a blossoming altar of Fedhas.
  4338 | D:4      | Noticed Edmund
  4349 | D:4      | Killed Edmund
  4350 | D:4      | Reached skill level 1 in Throwing
  4701 | D:4      | Acquired a +1 pair of boots of rampaging
  4729 | D:5      | Entered Level 5 of the Dungeon
  4747 | D:5      | Reached skill level 7 in Axes
  4777 | D:5      | Reached skill level 1 in Maces & Flails
  4788 | D:5      | HP: 3/64 [ogre/+0 giant spiked club (28)]
  4789 | D:5      | Slain by an ogre

Illustrated notes

Levels and vault maps discovered:
D:1:      tarquinn_simple_flora_water_b, layout_rooms, basic_ecumenical_altar
D:2:      layout_basic, uniq_terence, uniq_sigmund, uniq_jessica
D:3:      layout_loops_corners, mainiacjoe_overflow_alcove_2, st_stairs_13
D:4:      layout_loops_ring, mainiacjoe_overflow_concentric_impassable,
          uniq_edmund
D:5:      layout_rooms, nicolae_wu_jian_wuxing_cycle,
          mainiacjoe_overflow_alcove_4, uniq_grinder

Skill      XL: |  1  2  3  4  5  6  7 |
---------------+----------------------+-----
Fighting       | 4 5 6 |  6.4
Axes           | 3 5 6 7 |  7.2
Armour         | 4 |  4.9
Dodging        | 1 |  1.2
Throwing       | 1 |  1.7
Shields        | 4 |  4.0
Maces & Flails | 1 |  1.0

Action                   |  1- 3 |  4- 6 |  7- 9 || total
-------------------------+-------+-------+-------++-------
Melee: War axe           |    77 |   144 |    19 ||   240
       Dire flail        |       |       |    37 ||    37
Throw: Dart              |       |    15 |       ||    15
       Boomerang         |       |     4 |    13 ||    17
  Use: Scroll            |     1 |     3 |     1 ||     5
       Potion            |       |     2 |     1 ||     3
Armor: Scale mail        |    59 |    70 |    36 ||   165
Dodge: Dodged            |    53 |    68 |    35 ||   156
Block: Buckler           |    24 |    36 |     1 ||    61
